 Dungeon Crawl Stone Soup version 0.31-a0-854-g362426d53f (webtiles) character file.

Game seed: 2293325325996974060

1066 clenchingflame the Spear-Bearer (level 8, -1/41 (46) HPs)
             Began as a Tengu Reaver on Oct 8, 2023.
             Was an Initiate of Lugonu.
             Slain by Duvessa
             ... wielding a +6 rapier of draining
              (8 damage)
             ... on level 6 of the Dungeon.
             The game lasted 00:26:50 (5199 turns).

clenchingflame the Spear-Bearer (Tengu Reaver)      Turns: 5199, Time: 00:26:50

HP:   -1/41 (46)    AC:  7    Str: 15    XL:     8   Next: 28%
MP:   12/12         EV: 15    Int: 14    God:    Lugonu [......]
Gold: 424           SH:  0    Dex: 12    Spells: 7/12 levels left

rFire   . . .        a - +0 spear
rCold   . . .        (no shield)
rNeg    . . .        d - +0 ring mail
rPois   .            (helmet restricted)
rElec   .            y - +0 cloak
rCorr   .            (no gloves)
SInv    .            (boots unavailable)
Will    +....        (no amulet)
Stlth   +            p - ring of willpower
HPRegen 0.26/turn    (no ring)
MPRegen 0.13/turn

%: acrobat
@: flying, heavily drained
A: beak, talons 3, evasive flight, acrobatic
a: Renounce Religion


You were on level 6 of the Dungeon.
You worshipped Lugonu.
Lugonu was noncommittal.
You visited 2 branches of the dungeon, and saw 7 of its levels.

You collected 424 gold pieces.

Inventory:

Hand Weapons
 a - a +0 spear (weapon)
Missiles
 h - 71 stones
 t - 2 javelins
Armour
 b - a +0 leather armour
 d - a +0 ring mail (worn)
 u - a +0 plate armour
 w - a +0 chain mail
 y - a +0 cloak (worn)
Jewellery
 p - a ring of willpower (left hand)
Talismans
 B - a flux talisman
Scrolls
 e - a scroll of brand weapon {unknown}
 f - 8 scrolls of teleportation {unknown}
 g - 2 scrolls of identify {unknown}
 k - 2 scrolls of noise {unknown}
 m - 3 scrolls of amnesia {unknown}
 o - a scroll of fog {unknown}
 q - a scroll of blinking {unknown}
 s - a scroll of poison {unknown}
 x - a scroll of enchant armour {unknown}
Potions
 c - 2 potions of lignification {unknown}
 i - 3 potions of magic {unknown}
 j - 4 potions of curing {unknown}
 l - a potion of heal wounds {unknown}
 n - a potion of might {unknown}
 r - a potion of resistance {unknown}
 v - a potion of brilliance {unknown}
 z - 2 potions of haste {unknown}
 A - a potion of invisibility {unknown}


   Skills:
 - Level 3.1 Fighting
 * Level 8.4 Polearms
 + Level 4.0 Armour
 - Level 2.1 Dodging
 - Level 2.5 Spellcasting
 - Level 4.0 Conjurations
 - Level 3.0 Transmutations


You had 7 spell levels left.
You knew the following spells:

 Your Spells              Type           Power      Damage    Failure   Level
a - Kiss of Death         Conj/Necr      28%        2d7       19%         1
b - Momentum Strike       Conj/Tloc      14%        3d8       28%         2
c - Wereblood             Tmut           10%        N/A       19%         2

Your spell library contained the following spells:

 Spells                   Type           Power      Damage    Failure   Level
 Passwall                 Tmut/Erth      4%         N/A       34%         2
 Apportation              Tloc           2%         N/A       38%         1
 Summon Small Mammal      Summ           4%         N/A       38%         1
 Hailstorm                Conj/Ice       7%         3d4       50%         3
 Ensorcelled Hibernation  Hex/Ice        2%         N/A       54%         2
 Jinxbite                 Hex            2%         N/A       54%         2
 Sublimation of Blood     Necr           1%         N/A       54%         2
 Call Canine Familiar     Summ           1%         N/A       77%         3
 Summon Guardian Golem    Hex/Summ       1%         N/A       77%         3
 Swiftness                Air            1%         N/A       77%         3
 Alistair's Intoxication  Tmut/Pois      3%         N/A       99%         5
 Summon Hydra             Summ           0%         N/A       100%        7


Dungeon Overview and Level Annotations

Branches:
Dungeon (6/15)             Temple (1/1) D:4

Altars:
Elyvilon
Fedhas
Gozag
Kikubaaqudgha
Makhleb
Okawaru
Ru
Trog
Uskayaw
Vehumet
Wu Jian
Lugonu

Annotations:
D:4 3 runed translucent doors, AiryTheDragon's ghost, novice DsHW
D:5 2 transporters, jujuben's ghost, novice TrWr
D:6 Dowan; Duvessa


Innate Abilities, Weirdness & Mutations

You have a beak for a mouth.
You have claws for feet.
Your magical flight helps you evade attacks. (EV +4)
You can magically evade attacks while moving or waiting.


Message History

You wake up.
You hit the sleepcap but do no damage. You claw the sleepcap.
You peck the sleepcap.
The sleepcap is severely damaged.
You hit the sleepcap but do no damage. You claw the sleepcap.
The sleepcap is severely damaged.
The sleepcap releases spores at you.
You are engulfed in a cloud of soporific spores!
You are unaffected.
Duvessa gestures with her weapon.
You hit the sleepcap. You peck the sleepcap.
You destroy the sleepcap!
Lugonu accepts your kill.
Dowan points at you and mumbles some strange words.
You resist with almost no effort.
Your Armour skill increases to level 4!
Duvessa hits you with a +6 rapier of draining!
You feel drained.
An orc wizard comes into view. It is wielding a +1 dagger of venom.
The orc wizard shouts!
You hit Duvessa.
Duvessa is lightly wounded.
You hear a shout!
You barely miss Duvessa. You peck Duvessa, but do no damage.
Duvessa is lightly wounded.
Dowan points at Duvessa and mumbles some strange words.
Duvessa seems to speed up.
Duvessa hits you with a +6 rapier of draining!
You feel drained.
You hear a shout!
You hit Duvessa. You peck Duvessa.
Duvessa is lightly wounded.
Duvessa hits you with a +6 rapier of draining!
* * * LOW HITPOINT WARNING * * *
You feel drained.
* * * LOW HITPOINT WARNING * * *
You hit Duvessa.
Duvessa is moderately wounded.
Duvessa hits you with a +6 rapier of draining!
You die...

######## #......###
#...##...#############
..##..........>.......#
######.###########.# #.#
#.### ## #######.#
######...###.
...!....####..............
######.ee@...############.
#o......### ##
#...###.....# ...##
#####.... #. ##..# # .. #
. .. .. ##


You could see Duvessa (fast), Dowan and an orc wizard.

Vanquished Creatures
  Menkaure (D:4)
  An ice beast (D:5)
  2 ogres
  2 phantoms
  A kobold brigand (D:5)
  2 scorpions (D:5)
  3 hounds
  An iguana (D:5)
  A sleepcap (D:6)
  Terence (D:3)
  Robin (D:3)
  9 adders
  An ufetubus (D:4)
  2 dart slugs
  4 orcs
  4 ball pythons
  8 endoplasms
  A giant cockroach (D:3)
  10 goblins
  8 hobgoblins
  6 jackals
  11 kobolds
  A quokka (D:2)
  5 bats
  5 frilled lizards
  6 rats
97 creatures vanquished.

Notes
Turn   | Place    | Note
-------+----------+-------------------------------------------
     0 | D:1      | clenchingflame the Tengu Reaver began the quest for the
                  | Orb.
     0 | D:1      | Reached XP level 1. HP: 12/12 MP: 4/4
   179 | D:1      | Reached XP level 2. HP: 17/17 MP: 6/6
   900 | D:2      | Learned a level 2 spell: Momentum Strike
   919 | D:2      | Reached skill level 4 in Polearms
   919 | D:2      | Reached XP level 3. HP: 11/22 MP: 7/7
  1222 | D:2      | Learned a level 2 spell: Wereblood
  1257 | D:2      | Found a faded altar of an unknown god.
  1699 | D:3      | Reached XP level 4. HP: 16/27 MP: 8/8
  2010 | D:3      | Noticed a phantom
  2033 | D:3      | Killed a phantom
  2034 | D:3      | Reached skill level 5 in Polearms
  2034 | D:3      | Reached skill level 1 in Transmutations
  2034 | D:3      | Reached XP level 5. HP: 20/32 MP: 9/9
  2424 | D:3      | Noticed Terence
  2438 | D:3      | Killed Terence
  2632 | D:3      | Noticed Robin
  2653 | D:3      | Killed Robin
  2656 | D:3      | Reached XP level 6. HP: 22/37 MP: 10/10
  2751 | D:3      | Found an ornate altar of the Wu Jian Council.
  2758 | D:3      | Noticed a spectral centipede
  2758 | D:3      | Noticed a spectral black mamba
  2758 | D:3      | Noticed a spectral cane toad
  2848 | D:4      | Noticed Menkaure
  2861 | D:3      | Reached skill level 6 in Polearms
  2861 | D:3      | Reached skill level 1 in Armour
  3030 | D:4      | Noticed AiryTheDragon's ghost (novice DsHW)
  3030 | D:4      | Found a runed translucent gate.
  3030 | D:4      | Found a runed translucent gate.
  3030 | D:4      | Found a runed translucent gate.
  3409 | D:4      | Found a blossoming altar of Fedhas.
  3409 | D:4      | Found an ancient bone altar of Kikubaaqudgha.
  3461 | D:4      | Found a staircase to the Ecumenical Temple.
  3478 | Temple   | Entered the Ecumenical Temple
  3496 | Temple   | Became a worshipper of Lugonu the Unformed
  3640 | D:4      | Killed Menkaure
  3641 | D:4      | Gained mutation: Your magical flight helps you evade
                  | attacks. (EV +4) [Tengu growth]
  3641 | D:4      | Reached XP level 7. HP: 18/41 MP: 6/11
  3737 | D:4      | Found an iron altar of Okawaru.
  3980 | D:5      | Entered Level 5 of the Dungeon
  4016 | D:5      | Reached skill level 7 in Polearms
  4124 | D:5      | Found an opulent altar of Gozag.
  4256 | D:5      | Found a transporter.
  4284 | D:5      | Found a transporter.
  4288 | D:5      | Noticed jujuben's ghost (novice TrWr)
  4445 | D:5      | Reached XP level 8. HP: 43/46 MP: 12/12
  4617 | D:5      | Reached skill level 8 in Polearms
  5186 | D:6      | Noticed Duvessa
  5189 | D:6      | Noticed Dowan
  5199 | D:6      | Slain by Duvessa

Illustrated notes

Levels and vault maps discovered:
D:1:      lightli_arrival_statue_moat, layout_loops_cross, roderic_roman_lattice
D:2:      layout_basic, basic_ecumenical_altar, minmay_tromino_v4_b
D:3:      layout_loops_ring, pdpol_wu_jian_five_deadly_venoms, uniq_robin,
          uniq_terence
D:4:      layout_basic, grunt_temple_overflow_growth_and_decay,
          mainiacjoe_overflow_surrounded_room, minmay_temple_entry_glassed_door,
          gammafunk_ghost_nasty_kobolds, uniq_menkaure
D:5:      layout_basic, nicolae_gozag_cash_rules_everything_around_me,
          gammafunk_ghost_stat_death
D:6:      layout_rooms, mainiacjoe_overflow_alcove_1, portal_sewer_entry_d,
          uniq_blork_the_orc, uniq_duvessa, uniq_crazy_yiuf_cottage
Temple:   corrupted_temple

Skill      XL: |  1  2  3  4  5  6  7  8 |
---------------+-------------------------+-----
Polearms       | 4 5 6 7 8 |  8.4
Fighting       | 3 |  3.1
Transmutations | 1 2 3 |  3.0
Armour         | 2 3 4 |  4.0
Dodging        | |  2.1
Spellcasting   | |  2.5
Conjurations   | |  4.0

Action                     |  1- 3 |  4- 6 |  7- 9 || total
---------------------------+-------+-------+-------++-------
  Melee: Spear             |   107 |   176 |   118 ||   401
         Kick              |    18 |    32 |    36 ||    86
         Peck              |    14 |    18 |    18 ||    50
         Punch             |     1 |     1 |     1 ||     3
   Cast: Wereblood         |       |     1 |       ||     1
   Stab: Sleeping          |     1 |       |       ||     1
 Armour: Leather armour    |    45 |    46 |       ||    91
         Ring mail         |       |    17 |    34 ||    51
  Dodge: Dodged            |    77 |    70 |    45 ||   192

Table legend: (Time is in decaauts)
 A = Elapsed time spent in this place.
 B = Non-inter-level travel time spent in this place.
 C = Inter-level travel time spent in this place.
 D = Time resting spent in this place.
 E = Time spent auto-exploring this place.
 F = Levels seen in this place.
 G = Mean time per level.
                   A        B        C        D        E       F      G
               +--------+--------+--------+--------+--------+-----+--------+
         Total |   5125 |   4925 |    200 |   1217 |   2870 |   7 |  732.1 |
       Dungeon |   5092 |   4919 |    173 |   1217 |   2870 |   6 |  848.7 |
        Temple |     33 |      6 |     27 |      0 |      0 |   1 |   33.0 |
               +--------+--------+--------+--------+--------+-----+--------+

Top non-repeatable levels by time:
     D:3: 1424 daAuts
     D:5: 1066 daAuts
     D:4: 909 daAuts
     D:1: 892 daAuts
     D:2: 678 daAuts
     D:6: 121 daAuts
  Temple: 33 daAuts
